 Dungeon Crawl Stone Soup version 0.23-a0-837-ga3e6480 (console) character file.

42 bli the Skirmisher (level 3, -3/30 HPs)
             Began as a Formicid Abyssal Knight on Jan 24, 2019.
             Was a Follower of Lugonu.
             Slain by Natasha (8 damage)
             ... on level 2 of the Dungeon.
             The game lasted 00:03:51 (1198 turns).

bli the Skirmisher (Formicid Abyssal Knight)        Turns: 1198, Time: 00:03:52

Health: -3/30      AC:  3    Str: 16    XL:     3   Next: 80%
Magic:  4/4        EV: 11    Int: 11    God:    Lugonu [*.....]
Gold:   63         SH:  0    Dex: 11    Spells: 2/2 levels left

rFire    . . .     SeeInvis +   a - +1 falchion
rCold    . . .     Gourm    .   (no shield)
rNeg     . . .     Faith    .   h - +0 leather armour
rPois    .         Spirit   .   (helmet unavailable)
rElec    .         Reflect  .   (no cloak)
rCorr    .         Harm     .   (no gloves)
MR       .....                  (no boots)
Stlth    ..........             (no amulet)
HPRegen  0.10/turn              g - ring of attention (curse)
MPRegen  0.09/turn              (no ring)

@: no status effects
A: permanent stasis, dig shafts and tunnels, four strong arms, antennae 3
a: Dig, Shaft Self, Depart the Abyss, Renounce Religion


You were on level 2 of the Dungeon.
You worshipped Lugonu.
Lugonu was aware of your devotion.
You were not hungry.

You visited 1 branch of the dungeon, and saw 2 of its levels.
You visited the Abyss 1 time.

You collected 63 gold pieces.

Inventory:

Hand Weapons
 a - a +1 falchion (weapon)
 b - a +0 dagger of holy wrath
Missiles
 e - 103 stones (quivered)
 f - 2 curare-tipped needles
 m - 6 poisoned needles
Armour
 h - a +0 leather armour (worn)
Jewellery
 g - a cursed ring of attention (left hand)
Scrolls
 i - a scroll of identify {unknown}
 j - 2 scrolls of teleportation {unknown}
 k - 2 scrolls of magic mapping {unknown}
 l - a scroll of enchant weapon {unknown}
 n - a scroll of blinking {unknown}
Potions
 d - a potion of mutation {unknown}
Comestibles
 c - a ration
 o - 3 chunks of flesh


   Skills:
 - Level 4.0 Fighting
 * Level 3.0 Long Blades
 - Level 2.1 Armour
 - Level 0.8 Dodging
 + Level 2.5 Invocations


You had 2 spell levels left.
You didn't know any spells.
Your spell library was empty.

Dungeon Overview and Level Annotations

Branches:
Dungeon (2/15)

Altars:
Xom

Annotations:
D:2 Natasha, Sigmund


Innate Abilities, Weirdness & Mutations

You cannot be hasted, slowed, berserked, paralysed or teleported.
You can dig through walls and to a lower floor.
Your four strong arms can wield two-handed weapons with a shield.
You have a pair of large antennae on your head. (SInv)


Message History

You resist with some effort.
You slash the ooze!
You kill the ooze!
Lugonu accepts your kill.
Your Long Blades skill increases to level 3!
Natasha claws you.
You closely miss Natasha.
Natasha is heavily wounded.
Natasha casts a spell at you. The magic dart hits you.
* * * LOW HITPOINT WARNING * * *
Natasha barely misses you. Natasha casts a spell at you.
The magic dart hits you.
* * * LOW HITPOINT WARNING * * *
Natasha closely misses you.
You closely miss Natasha.
Natasha is heavily wounded.
Natasha claws you!
You die...

...........#........
#####................
#......#.......##
#......#....#...
####..#####.(.##
#....##....#
#.##....#....
#..#......... ###
##...###..#.
#...###.h.# ##
#.....#@# ####h##.#
##.##@# # ##.....#.#
#........#
##........#
#.........#
##.)......#
#........#
#..........
.........##


You could see Sigmund (invisible) and Natasha.

Vanquished Creatures
  An ooze (D:2)
  2 dart slugs (D:1)
  8 bats
  6 goblins
  5 hobgoblins (D:1)
  6 kobolds (D:1)
  2 frilled lizards (D:1)
  A rat (D:1)
31 creatures vanquished.

Notes
Turn   | Place    | Note
-------+----------+-------------------------------------------
     0 | Abyss:1  | bli the Formicid Abyssal Knight began the quest for the
                  | Orb.
     0 | Abyss:1  | Reached XP level 1. HP: 18/18 MP: 2/2
    46 | Abyss:1  | Noticed an iron imp
    74 | Abyss:1  | Found a corrupted altar of Lugonu.
    86 | Abyss:1  | Noticed a purple draconian
    98 | D:1      | Escaped the Abyss
   139 | D:1      | Reached XP level 2. HP: 11/25 MP: 3/3
   428 | D:1      | Reached skill level 4 in Fighting
   537 | D:1      | Reached XP level 3. HP: 30/30 MP: 4/4
   637 | D:1      | Found a shimmering altar of Xom.
   637 | D:1      | Found a basalt altar of Yredelemnul.
   637 | D:1      | Found a shattered altar of Ashenzari.
   637 | D:1      | Found an iron altar of Okawaru.
   637 | D:1      | Found a glowing golden altar of the Shining One.
   637 | D:1      | Found a hazy altar of Hepliaklqana.
  1176 | D:2      | Noticed Natasha
  1178 | D:2      | Noticed Sigmund
  1198 | D:2      | Slain by Natasha

Vault maps used:
D:1:      eino_arrival_tree_alley, palyth_stone_intersect,
          corexii_item_surrounded_by_moat, doesnt_xom_only_xom
D:2:      chequers_ecumenical_altar_twisty, uniq_robin, uniq_sigmund,
          uniq_natasha

Skill      XL: |  1  2  3 |
---------------+----------+-----
Fighting       | 4 |  4.0
Long Blades    | 3 |  3.0
Armour         | |  2.1
Dodging        | |  0.8
Invocations    | |  2.5

Action                   || total
-------------------------++-------
Melee: Falchion          ||    68
 Abil: Dig               ||     2
  Eat: Chunk             ||     1
Armor: Leather armour    ||    25
Dodge: Dodged            ||    69
       Rpst.: Falchion   ||    22

Table legend:
 A = Non-vault XP
 B = Vault XP
 C = Vault XP percentage of total XP
 D = Non-vault monster count
 E = Vault monster count
 F = Vault count percentage of total count
                 A         B        C        D         E       F
            +---------+---------+-------+---------+---------+-------
      Total |      61 |       0 |   0.0 |      31 |       0 |   0.0
            +---------+---------+-------+---------+---------+-------
        D:1 |      51 |       0 |   0.0 |      28 |       0 |   0.0
        D:2 |      10 |       0 |   0.0 |       3 |       0 |   0.0
            +---------+---------+-------+---------+---------+-------
